 Dungeon Crawl Stone Soup version 0.22-b1-21-g5cfc1688f2 (webtiles) character file.

61744 Lavandula the Cleaver (level 14, -10/116 HPs)
             Began as a Centaur Berserker on Aug 8, 2018.
             Was a High Priest of Trog.
             Hit by a javelin of returning thrown by a merfolk javelineer (16 damage)
             ... on level 4 of the Shoals.
             The game lasted 01:15:36 (11363 turns).

Lavandula the Cleaver (Centaur Berserker)          Turns: 11363, Time: 01:15:36

Health: -10/116    AC: 28    Str: 24    XL:     14   Next: 61%
Magic:  17/17      EV: 14    Int:  6    God:    Trog [*****.]
Gold:   1113       SH:  7    Dex: 15    Spells: 13/13 levels left

rFire    + . .     SeeInvis +   b - +8 broad axe (flame)
rCold    . . .     Gourm    .   Q - +2 buckler
rNeg     + . .     Faith    .   S - +1 troll leather armour
rPois    .         Spirit   .   u - +2 helmet {SInv}
rElec    .         Reflect  .   A - +0 cloak
rCorr    .         Harm     .   M - +2 pair of gloves {Dex+3}
MR       +....     Rnd*Rage +   X - +2 centaur barding {rF+}
Stlth    +.........             t - amulet of the acrobat
HPRegen  0.69/turn              L - ring of positive energy
MPRegen  0.15/turn              R - +5 ring of protection

@: berserk cooldown, slowed
A: large, hooves 3, berserk 1, deformed body, speed 2, sense surroundings 1,
strong 1, tough skin 3
a: Berserk, Trog's Hand, Brothers in Arms, Renounce Religion


You were on level 4 of the Shoals.
You worshipped Trog.
Trog was extremely pleased with you.
You were hungry.

You visited 4 branches of the dungeon, and saw 24 of its levels.
You also visited: Labyrinth, Sewer and Volcano.

You collected 2031 gold pieces.
You spent 918 gold pieces at shops.

Inventory:

Hand Weapons
 b - a +8 broad axe of flaming (weapon)
 k - a +0 blowgun
 y - the +7 dagger of the Stork {pain, SInv Stlth+}
   (You found it on level 4 of the Dungeon)

   In the hands of one skilled in necromantic magic, it inflicts extra damage on
   living creatures.
   It lets you see invisible.
   It makes you more stealthy.
 C - a +1 hand axe of venom
 W - a +3 hand axe of freezing
 Y - a +2 antimagic executioner's axe
Missiles
 l - 5 curare-tipped needles
 w - 16 steel javelins (quivered)
 D - 4 throwing nets
Armour
 e - the -1 cloak "Ammu" {rC+}
   (You acquired it on level 3 of the Shoals)

   It protects you from cold.
 u - a +2 helmet of see invisible (worn)
 A - a +0 cloak (worn)
 F - a +2 robe of cold resistance
 I - a +3 leather armour of poison resistance
 J - +0 fire dragon scales
 M - a +2 pair of gloves of dexterity (worn)
 Q - a +2 buckler (worn)
 S - a +1 troll leather armour (worn)
 T - a +2 robe of magic resistance
 X - a +2 centaur barding of fire resistance (worn)
Jewellery
 t - an amulet of the acrobat (around neck)
 H - an uncursed amulet of magic regeneration
 L - a ring of positive energy (left hand)
 R - a +5 ring of protection (right hand)
Wands
 g - a wand of iceblast (13)
 v - a wand of scattershot (4)
 G - a wand of disintegration (13)
 O - a wand of acid (26)
Scrolls
 d - 5 scrolls of blinking
 h - 4 scrolls of remove curse
 i - 7 scrolls of teleportation
 j - a scroll of noise {unknown}
 r - 2 scrolls of fear
 N - a scroll of holy word {unknown}
 V - 2 scrolls of fog
 Z - 2 scrolls of immolation
Potions
 a - 2 potions of cancellation
 f - a potion of resistance
 m - 2 potions of agility
 n - a potion of invisibility {unknown}
 o - 5 potions of mutation
 p - 4 potions of curing
 s - a potion of lignification
 x - a potion of brilliance
 z - a potion of ambrosia
 E - a potion of berserk rage
 K - a potion of heal wounds {unknown}
 U - 2 potions of flight {unknown}
Miscellaneous
 q - a lamp of fire
 B - a phantom mirror
Comestibles
 c - 26 rations
 P - 2 chunks of flesh


   Skills:
 - Level 8.5 Fighting
 + Level 14.9 Axes
 - Level 4.2 Throwing
 - Level 8.2 Armour
 - Level 9.7 Dodging
 - Level 5.2 Shields
 - Level 4.9 Evocations


You had 13 spell levels left.
You didn't know any spells.
Your spell library contained the following spells:

 Spells                   Type           Power        Failure   Level  Hunger
 Ring of Flames           Chrm/Fire      #.........   100%        7    #######
 Regeneration             Chrm/Necr      #.........   86%         3    ####...
 Recall                   Summ/Tloc      N/A          86%         3    ####...
 Ignite Poison            Fire/Tmut/Pois #.......     86%         3    ####...
 Shroud of Golubria       Chrm/Tloc      #.........   63%         2    ###....
 Infusion                 Chrm           #...         50%         1    ##.....
 Song of Slaying          Chrm           #.......     63%         2    ###....
 Spectral Weapon          Hex/Chrm       #.......     86%         3    ####...
 Lesser Beckoning         Tloc           #.........   86%         3    ####...


Dungeon Overview and Level Annotations

Branches:
Dungeon (12/15)            Temple (0/1) D:6            Lair (6/6) D:10
 Shoals (4/4) Lair:2        Snake (0/4) Lair:4          Orc (2/2) D:11
    Elf (0/3) Orc:2
  Slime: Lair:5-6

Altars:
Ashenzari
Elyvilon
Fedhas
Gozag
Hepliaklqana
Kikubaaqudgha
Makhleb
Nemelex Xobeh
Ru
Sif Muna
Uskayaw
Vehumet
Wu Jian
Yredelemnul
Beogh

Shops:
D:8 :   Orc:2 ?%[(


Innate Abilities, Weirdness & Mutations

You have hooves in place of feet.
Armour fits poorly on your strangely shaped body.
You cover ground very quickly.
You have extremely tough skin. (AC +3)
You tend to lose your temper in combat.
You passively map a small area around you.
Your muscles are strong. (Str +2)


Message History

Trog accepts your kill.
A merfolk javelineer comes into view. It is wielding a spear.
The merfolk impaler hits you but does no damage.
Unknown command.
You slice the merfolk impaler!! You burn the merfolk impaler!
You kill the merfolk impaler!
Trog accepts your kill.
Unknown command.
The merfolk javelineer throws a javelin of returning.
The javelin of returning barely misses you.
The weapon returns to the merfolk javelineer!
Unknown command.
You feel a strong urge to attack something.
There is a stone staircase leading up here.
You are no longer berserk.
You are exhausted.
You feel yourself slow down.
The merfolk javelineer throws a javelin of returning.
The javelin of returning hits you!
You die...

≈ , ##
*###....≈≈≈.≈≈≈≈
≈##≈###≈.##(≈≈≈≈≈≈≈≈≈
≈
#≈.[≈≈≈.#≈≈≈m≈≈≈≈≈≈≈≈
#≈≈#≈#≈##≈†≈≈≈≈≈≈≈≈≈
#≈≈≈)≈≈###≈)≈≈≈≈≈≈≈≈
,
##≈#≈#(###.(≈≈≈≈≈≈≈≈
≈
#≈≈≈≈≈..#≈..≈≈≈≈≈≈≈≈
≈
##≈≈≈(..##).≈≈≈≈≈≈≈≈
, #######)).@.≈≈≈≈≈≈≈
,,*#≈≈≈))≈..≈≈≈≈≈≈≈≈
≈ ≈≈≈≈..t.†..≈≈≈≈≈≈≈≈
≈ ≈
≈≈≈≈≈≈≈≈≈≈≈.≈≈≈≈≈≈≈
≈≈≈≈≈≈≈≈≈≈≈≈≈≈≈≈≈≈≈
≈≈≈≈≈≈≈≈≈≈≈≈≈≈≈≈≈≈ ≈
≈ ≈≈≈≈≈≈≈≈≈≈≈≈≈≈≈≈≈≈
≈≈≈≈≈≈≈≈≈≈≈≈≈≈≈≈≈≈ ≈
≈≈≈≈≈≈≈≈≈≈≈≈≈≈≈≈≈≈≈


You could see an alligator snapping turtle and a merfolk javelineer.

Vanquished Creatures
  A minotaur (Lab)
  3 merfolk impalers
  A merfolk javelineer (Shoals:4)
  2 hydras (Lair:6)
  Harold (Lair:2)
  A two-headed ogre (D:8)
  2 merfolk aquamancers (Shoals:4)
  Erica (D:8)
  2 orc high priests (Orc:2)
  The ghost of Arth the Grappler, a novice TrFi of Makhleb (D:9)
  2 sea snakes
  2 lindwurms (Volcano)
  6 harpies
  An orc knight (D:11)
  2 orc sorcerers
  2 manticores
  An ugly thing (D:11)
  A toenail golem (Volcano)
  2 fauns
  A cyclops (Shoals:4)
  A merfolk siren (Shoals:4)
  Joseph (D:9)
  A molten gargoyle (Volcano)
  A gargoyle (D:10)
  5 spiny frogs
  2 efreet (Volcano)
  3 komodo dragons
  13 merfolk
  A queen bee (D:10)
  A troll (D:10)
  A wind drake (Shoals:4)
  5 polar bears (Lair:6)
  2 hornets (Lair:6)
  18 blink frogs
  5 snapping turtles
  Grinder (D:4)
  21 dream sheep
  5 hippogriffs
  A shadow (D:9)
  11 spriggans (Lair:6)
  4 wraiths
  2 fire elementals (Volcano)
  17 yaks
  5 water elementals
  Eustachio (D:4)
  A basilisk (Lair:2)
  A steam dragon (D:8)
  A hungry ghost (D:10)
  A warg (D:11)
  An acid dragon (D:11)
  11 water moccasins
  A soldier ant (D:10)
  Duvessa (D:4)
  24 orc warriors
  14 porcupines
  An ice beast (D:7)
  3 sky beasts
  Purgy (Sewer)
  A black bear (Lair:6)
  A necrophage (D:5)
  7 ogres
  2 phantoms
  5 boggarts (Lair:6)
  19 wolves (Lair:6)
  7 centaurs
  8 crocodiles
  A big kobold (D:9)
  12 bullfrogs
  A gnoll sergeant (Orc:2)
  A wyvern zombie (D:9)
  4 earth elementals (Volcano)
  A wyvern skeleton (D:11)
  Dowan (D:4)
  2 scorpions (D:7)
  39 killer bees
  2 vampire bats (D:5)
  4 howler monkeys
  4 crimson imps
  2 quasits
  A bullfrog zombie (D:10)
  A centaur zombie (D:5)
  A jelly (D:6)
  4 hounds
  A bullfrog skeleton (D:10)
  3 iguanas
  21 orc priests
  14 orc wizards
  2 centaur skeletons
  Natasha (thrice) (D:3)
  9 worker ants
  2 hound skeletons (D:9)
  Robin (D:4)
  A howler monkey skeleton (D:5)
  3 worker ant zombies
  3 gnolls (Orc:2)
  10 adders
  3 shadow imps
  An ooze (D:1)
  3 worms
  5 leopard geckos
  89 orcs
  2 bat skeletons (D:5)
  3 bat zombies (D:5)
  4 giant cockroaches
  14 goblins
  8 hobgoblins
  2 jackals (Sewer)
  4 quokkas
  3 ball pythons
  A ball python skeleton (D:6)
  7 bats
  2 frilled lizards
  A giant cockroach zombie (D:6)
  2 jackal skeletons
  13 kobolds
  A leopard gecko zombie (D:7)
  A quokka skeleton (D:6)
  5 rats
  A butterfly (Lair:4)
  4 fungi
  A plant (D:10)
608 creatures vanquished.

Vanquished Creatures (collateral kills)
  An orc warlord (Orc:2)
  An ettin (Orc:1)
  An orc high priest (Orc:2)
  An orc knight (Orc:1)
  2 orc sorcerers (Orc:2)
  A spiny frog (Lair:4)
  13 orc warriors
  3 ogres
  3 orc priests (Orc:2)
  2 orc wizards (Orc:2)
  7 orcs
35 creatures vanquished.

Vanquished Creatures (others)
  7 fungi
  A plant (Lair:4)
8 creatures vanquished.

Grand Total: 651 creatures vanquished

Notes
Turn   | Place    | Note
-------+----------+-------------------------------------------
     0 | D:1      | Lavandula the Centaur Berserker began the quest for the Orb.
     0 | D:1      | Reached XP level 1. HP: 19/19 MP: 1/1
   105 | D:1      | Reached skill level 3 in Axes
   312 | D:1      | Reached XP level 2. HP: 26/26 MP: 2/2
   703 | D:2      | Reached XP level 3. HP: 31/31 MP: 3/3
   800 | D:2      | Reached ** piety under Trog
   827 | D:3      | Found a glowing drain.
   833 | D:3      | Reached skill level 4 in Axes
   874 | Sewer    | Entered a sewer
   885 | Sewer    | Reached XP level 4. HP: 37/38 MP: 4/4
   925 | Sewer    | Noticed Purgy
   934 | Sewer    | Killed Purgy
   934 | Sewer    | Reached skill level 5 in Axes
   934 | Sewer    | Reached XP level 5. HP: 45/45 MP: 5/5
  1089 | D:4      | Noticed Eustachio
  1138 | D:3      | Found a hide-covered altar of Uskayaw.
  1139 | D:3      | Noticed an enchanted dagger
  1139 | D:3      | Noticed a dagger
  1140 | D:3      | Noticed Natasha
  1151 | D:3      | Killed Natasha
  1151 | D:3      | Reached skill level 6 in Axes
  1344 | D:3      | Noticed Natasha
  1351 | D:3      | Killed Natasha
  1351 | D:3      | Reached XP level 6. HP: 38/51 MP: 6/6
  1455 | D:3      | Noticed Natasha
  1460 | D:3      | Killed Natasha
  1543 | D:3      | Found a shattered altar of Ashenzari.
  1719 | D:4      | Reached skill level 7 in Axes
  1723 | D:4      | Reached *** piety under Trog
  1791 | D:4      | Killed Eustachio
  1791 | D:4      | Reached XP level 7. HP: 57/57 MP: 7/7
  1814 | D:4      | Found an opulent altar of Gozag.
  1841 | D:4      | Noticed Robin
  1841 | D:4      | Noticed Duvessa
  1843 | D:4      | Noticed Dowan
  1849 | D:4      | Killed Robin
  1850 | D:4      | Killed Dowan
  1850 | D:4      | Reached skill level 8 in Axes
  1853 | D:4      | Killed Duvessa
  1941 | D:4      | Noticed Grinder
  1950 | D:4      | Killed Grinder
  1951 | D:4      | Reached XP level 8. HP: 67/67 MP: 8/8
  1960 | D:4      | Got an encrusted dagger
  2020 | D:5      | Entered Level 5 of the Dungeon
  2027 | D:5      | Reached skill level 5 in Fighting
  2031 | D:5      | Got an emerald-encrusted chain mail
  2199 | D:5      | Reached **** piety under Trog
  2245 | D:5      | Found a radiant altar of Vehumet.
  2523 | D:5      | Found a blossoming altar of Fedhas.
  2580 | D:5      | Found an ancient bone altar of Kikubaaqudgha.
  2682 | D:6      | Found a sparkling altar of Nemelex Xobeh.
  2717 | D:6      | Found a sacrificial altar of Ru.
  2854 | D:6      | Found a staircase to the Ecumenical Temple.
  2896 | D:6      | Found a basalt altar of Yredelemnul.
  2897 | D:6      | Found a burning altar of Makhleb.
  3061 | D:7      | Reached XP level 9. HP: 66/75 MP: 9/9
  3102 | D:7      | Reached ***** piety under Trog
  3143 | D:7      | Reached skill level 5 in Dodging
  3377 | D:7      | Found a hazy altar of Hepliaklqana.
  3423 | D:7      | Reached skill level 9 in Axes
  3566 | D:8      | Noticed Erica
  3570 | D:8      | Gained mutation: You tend to lose your temper in combat. [potion of mutation]
  3570 | D:8      | Gained mutation: Your muscles are strong. (Str +2) [potion of mutation]
  3570 | D:8      | Gained mutation: You passively map a small area around you. [potion of mutation]
  3582 | D:8      | Killed Erica
  3582 | D:8      | Reached skill level 10 in Axes
  3593 | D:8      | Noticed a two-headed ogre
  3754 | D:8      | Found a deep blue altar of Sif Muna.
  3776 | D:8      | Found an ornate altar of the Wu Jian Council.
  3823 | D:8      | Identified the +1 chain mail of Beogh's Reproof {Dex+4 Stlth+} (You found it on level 5 of the Dungeon)
  3858 | D:8      | Found Soeh's Book Emporium.
  4038 | D:8      | Killed a two-headed ogre
  4038 | D:8      | Reached XP level 10. HP: 83/83 MP: 10/10
  4051 | D:9      | Noticed Joseph
  4111 | D:10     | Entered Level 10 of the Dungeon
  4447 | D:9      | Identified the +7 dagger of the Stork {pain, SInv Stlth+} (You found it on level 4 of the Dungeon)
  4583 | D:9      | Found a runed gate.
  4583 | D:9      | Found a runed gate.
  4583 | D:9      | Found a runed gate.
  4585 | D:9      | Noticed Arth's ghost (novice TrFi)
  4953 | D:10     | Noticed a gargoyle
  4961 | D:10     | Killed a gargoyle
  5047 | D:10     | Found a staircase to the Lair.
  5072 | D:10     | Reached XP level 11. HP: 87/95 MP: 14/14
  5087 | D:10     | Reached skill level 1 in Shields
  5313 | D:10     | Received a gift from Trog
  5363 | D:11     | Reached ****** piety under Trog
  5438 | D:11     | Noticed a cyan ugly thing
  5491 | D:11     | Killed a cyan ugly thing
  5561 | D:9      | Killed Joseph
  5611 | D:9      | Killed Arth's ghost
  5611 | D:9      | Reached skill level 5 in Shields
  5756 | D:10     | Received a gift from Trog
  5807 | D:10     | Reached skill level 11 in Axes
  6301 | D:11     | Found a staircase to the Orcish Mines.
  6305 | Orc:1    | Entered Level 1 of the Orcish Mines
  6305 | Orc:1    | Noticed an orc knight
  6306 | Orc:1    | Noticed an ettin
  6367 | D:11     | Killed an orc knight
  6443 | Orc:1    | Killed an ettin
  6443 | Orc:1    | Reached skill level 12 in Axes
  6465 | Orc:1    | Noticed an orc knight
  6470 | Orc:1    | Killed an orc knight
  6553 | Orc:1    | Found a roughly hewn altar of Beogh.
  6644 | Orc:1    | Noticed an orc sorcerer
  6663 | Orc:1    | Paralysed by an orc sorcerer for 3 turns
  6673 | Orc:1    | Killed an orc sorcerer
  6765 | Orc:1    | Reached XP level 12. HP: 18/103 MP: 15/15
  7029 | Orc:2    | Entered Level 2 of the Orcish Mines
  7029 | Orc:2    | Found a staircase to the Elven Halls.
  7038 | Orc:2    | Noticed an orc high priest
  7052 | Orc:2    | Killed an orc high priest
  7056 | Orc:2    | Received a gift from Trog
  7157 | Orc:2    | Found a dark tunnel.
  7276 | Volcano  | Entered a volcano
  7289 | Volcano  | Reached skill level 13 in Axes
  7854 | Orc:2    | Found a roughly hewn altar of Beogh.
  7855 | Orc:2    | Found Daugaka's Food Shop.
  7971 | Orc:2    | Found a roughly hewn altar of Beogh.
  7980 | Orc:2    | Found Zozy's Magic Scroll Shop.
  7996 | Orc:2    | Bought a scroll of enchant armour for 120 gold pieces
  7997 | Orc:2    | Bought a scroll of blinking for 120 gold pieces
  7997 | Orc:2    | Bought a scroll of teleportation for 48 gold pieces
  7997 | Orc:2    | Bought a scroll of teleportation for 48 gold pieces
  7997 | Orc:2    | Bought a scroll of immolation for 56 gold pieces
  7997 | Orc:2    | Bought a scroll of random uselessness for 16 gold pieces
  8018 | Orc:2    | Bought a scroll of identify for 32 gold pieces
  8018 | Orc:2    | Bought a scroll of identify for 32 gold pieces
  8018 | Orc:2    | Bought a scroll of fear for 56 gold pieces
  8127 | Orc:2    | Received a gift from Trog
  8127 | Orc:2    | Reached skill level 14 in Axes
  8211 | Orc:2    | Noticed an orc high priest
  8226 | Orc:2    | Killed an orc high priest
  8247 | Orc:2    | Noticed an orc high priest
  8261 | Orc:2    | Killed an orc high priest
  8299 | Orc:2    | Noticed an orc warlord
  8317 | Orc:2    | Killed an orc warlord
  8329 | Orc:2    | Found Leshroast's Antique Weapon Shoppe.
  8331 | Orc:2    | Found a roughly hewn altar of Beogh.
  8337 | Orc:2    | Found Myqomp's Antique Armour Emporium.
  8353 | Orc:2    | Bought a shiny helmet for 195 gold pieces
  8353 | Orc:2    | Bought a glowing chain mail for 195 gold pieces
  8547 | Lair:1   | Entered Level 1 of the Lair of Beasts
  8547 | Lair:1   | Found a labyrinth entrance.
  8598 | Lab      | Entered a labyrinth
  9093 | Lab      | Noticed a minotaur
  9111 | Lab      | Killed a minotaur
  9121 | Lab      | Identified the Handbook of Flames and Displacement
  9302 | Lair:1   | Reached XP level 13. HP: 108/108 MP: 16/16
  9373 | Lair:2   | Noticed Harold
  9382 | Lair:2   | Killed Harold
  9430 | Lair:2   | Found a staircase to the Shoals.
  9513 | Lair:6   | Entered Level 6 of the Lair of Beasts
  9833 | Lair:6   | Received a gift from Trog
 10187 | Lair:6   | Found a white marble altar of Elyvilon.
 10434 | Lair:4   | Received a gift from Trog
 10435 | Lair:4   | Reached skill level 5 in Armour
 10464 | Lair:4   | Reached XP level 14. HP: 70/116 MP: 17/17
 10470 | Lair:4   | Identified a scroll of acquirement
 10609 | Lair:2   | Received a gift from Trog
 10636 | Shoals:1 | Entered Level 1 of the Shoals
 10942 | Shoals:3 | Got a steaming cloak
 10963 | Shoals:3 | Identified the -1 cloak "Ammu" {rC+} (You acquired it on level 3 of the Shoals)
 11072 | Shoals:4 | Entered Level 4 of the Shoals
 11353 | Shoals:4 | Received a gift from Trog
 11358 | Shoals:4 | HP: 7/174 [merfolk impaler/demon trident of freezing (3)]
 11363 | Shoals:4 | Hit by a javelin of returning thrown by a merfolk javelineer

Skill      XL: |  1  2  3  4  5  6  7  8  9 10 11 12 13 14 |
---------------+-------------------------------------------+-----
Axes           | 3 4 5 6 7 8 10 12 14 | 14.9
Fighting       | 4 5 8 |  8.5
Dodging        | 4 5 6 9 |  9.7
Armour         | 3 5 8 |  8.2
Evocations     | 4 |  4.9
Shields        | 5 |  5.2
Throwing       | 4 |  4.2

Action                   |  1- 3 |  4- 6 |  7- 9 | 10-12 | 13-15 || total
-------------------------+-------+-------+-------+-------+-------++-------
Melee: Hand axe          |    66 |    59 |    47 |   730 |   134 ||  1036
       Kick              |     9 |    22 |    39 |   252 |   167 ||   489
       War axe           |       |    27 |   134 |       |       ||   161
       Broad axe         |       |       |       |       |   375 ||   375
Throw: Throwing net      |       |       |       |     1 |       ||     1
       Javelin           |       |       |       |       |     1 ||     1
Invok: Berserk           |     2 |     6 |    15 |    20 |     6 ||    49
       Trog's Hand       |       |     1 |     2 |     9 |     2 ||    14
       Brothers in Arms  |       |       |       |     7 |     1 ||     8
Evoke: Lamp of fire      |       |       |     1 |     2 |       ||     3
       Wand              |       |       |       |    15 |     1 ||    16
  Use: Scroll            |       |     1 |     6 |    14 |    10 ||    31
       Potion            |       |       |     3 |       |       ||     3
 Stab: Distracted        |       |       |       |     1 |       ||     1
  Eat: Chunk             |     1 |     8 |    19 |    27 |    14 ||    69
       Ration            |       |       |       |     4 |       ||     4
Armor: Animal skin       |    11 |       |       |       |       ||    11
       Ring mail         |    23 |    22 |       |       |       ||    45
       Scale mail        |       |     9 |    87 |    89 |       ||   185
       Troll leather arm |       |       |       |   152 |   156 ||   308
Dodge: Dodged            |    36 |    44 |    83 |   294 |   291 ||   748
Block: Buckler           |       |       |       |    86 |   133 ||   219
